 Dungeon Crawl Stone Soup version 0.24-a0-584-g9d6b971ae4 (webtiles) character file.

Game seed: 14475170881445584608, levelgen mode: deterministic

96 Gynju the Vandal (level 4, -3/30 HPs)
             Began as a Halfling Hunter on Sept 6, 2019.
             Slain by Crazy Yiuf
             ... wielding a +4 quarterstaff of chaos
              (4 damage)
             ... on level 3 of the Dungeon.
             The game lasted 00:02:25 (3097 turns).

Gynju the Vandal (Halfling Hunter)                  Turns: 3097, Time: 00:02:25

Health: -3/30      AC:  7    Str: 14    XL:     4   Next: 98%
Magic:  4/4        EV: 12    Int:  9    God:
Gold:   157        SH:  0    Dex: 14    Spells: 3/3 levels left

rFire    x . .     SeeInvis .   b - +0 short sword
rCold    + . .     Gourm    .   (shield restricted)
rNeg     . . .     Faith    .   g - +0 scale mail
rPois    .         Spirit   .   (no helmet)
rElec    .         Reflect  .   (no cloak)
rCorr    .         Harm     .   (no gloves)
MR       .....                  q - +0 pair of boots
Stlth    +.........             B - amulet of magic regeneration
HPRegen  0.10/turn              v - ring of ice (curse)
MPRegen  0.34/turn              (no ring)

@: lethally poisoned (-3 -> -10), very slightly contaminated, invisible
(expiring)
A: small, mutation resistance 1
a: no special abilities


You were on level 3 of the Dungeon.
You were not hungry.

You visited 1 branch of the dungeon, and saw 3 of its levels.

You collected 157 gold pieces.

Inventory:

Hand Weapons
 a - a +1 hunting sling
 b - a +0 short sword (weapon)
Missiles
 d - 20 sling bullets
 e - 156 stones (quivered)
Armour
 g - a +0 scale mail (worn)
 q - a +0 pair of boots (worn)
 y - a +0 helmet
Jewellery
 v - a cursed ring of ice (left hand)
 B - an amulet of magic regeneration (around neck)
Wands
 u - a wand of scattershot (7)
 x - a wand of flame (28)
Scrolls
 c - a scroll of amnesia {unknown}
 h - 3 scrolls of enchant weapon {unknown}
 i - a scroll of remove curse {unknown}
 j - a scroll of fear {unknown}
 k - a scroll of magic mapping {unknown}
 m - 3 scrolls of identify {unknown}
 n - 2 scrolls of teleportation {unknown}
 t - a scroll of immolation {unknown}
Potions
 l - 2 potions of heal wounds {unknown}
 o - a potion of flight {unknown}
 r - a potion of mutation {unknown}
 s - a potion of lignification {unknown}
 w - a potion of resistance
 z - a potion of cancellation {unknown}
 A - 2 potions of berserk rage {unknown}
Comestibles
 f - 6 rations


   Skills:
 + Level 2.6 Fighting
 + Level 6.6 Slings
 + Level 3.1 Dodging
 + Level 2.6 Stealth


You had 3 spell levels left.
You didn't know any spells.
Your spell library was empty.

Dungeon Overview and Level Annotations

Branches:
Dungeon (3/15)

Altars:
Fedhas
Kikubaaqudgha
Ru
Uskayaw
Wu Jian

Annotations:
D:3 Crazy Yiuf


Innate Abilities, Weirdness & Mutations

You are small and have problems with some larger weapons.
You are somewhat resistant to further mutation.


Message History

Crazy Yiuf is moderately wounded.
* * * LOW HITPOINT WARNING * * *
You feel sick.
Crazy Yiuf says, "Blight spinner noodlescoop!"
Crazy Yiuf barely misses you.
You hit Crazy Yiuf.
Crazy Yiuf is moderately wounded.
* * * LOW HITPOINT WARNING * * *
You feel sick. Crazy Yiuf completely misses you.
You hit Crazy Yiuf.
Crazy Yiuf is severely wounded.
* * * LOW HITPOINT WARNING * * *
You feel sick. Crazy Yiuf misses you.
You hit Crazy Yiuf.
Crazy Yiuf is severely wounded.
You flicker for a moment.
* * * LOW HITPOINT WARNING * * *
You feel sick.
Crazy Yiuf hits you with a +4 quarterstaff of chaos.
You die...

#...# #...###....#
#... #...# #####
#....# #... #...#
#....#######... #...#
#######........ ##.##
#........ #.#
#......## #.# ###
♣♣######### #.#
#)..#♣♣ ♣♣P...#######
#.##
#...g@♣♣♣♣P....).#....
#.'#
#...#♣..♣........'....
#### ###
♣♣♣.♣.P.....#....
♣♣♣♣♣##...##### #...#
#####...# #.......#
#.......# #########


You could see Crazy Yiuf.

Vanquished Creatures
  A gnoll (D:1)
  2 adders (D:2)
  2 worms (D:2)
  A dart slug (D:1)
  2 leopard geckos (D:1)
  An orc (D:3)
  2 giant cockroaches (D:3)
  10 goblins
  3 hobgoblins
  6 jackals
  A quokka (D:2)
  A ball python (D:2)
  9 bats
  2 frilled lizards
  7 kobolds
  8 rats
58 creatures vanquished.

Notes
Turn   | Place    | Note
-------+----------+-------------------------------------------
     0 | D:1      | Gynju the Halfling Hunter began the quest for the Orb.
     0 | D:1      | Reached XP level 1. HP: 14/14 MP: 1/1
   253 | D:1      | Reached skill level 6 in Slings
   253 | D:1      | Reached XP level 2. HP: 19/19 MP: 2/2
   564 | D:1      | Reached XP level 3. HP: 21/24 MP: 3/3
  1049 | D:2      | Found a blossoming altar of Fedhas.
  1052 | D:2      | Found an ancient bone altar of Kikubaaqudgha.
  1052 | D:2      | Found a hide-covered altar of Uskayaw.
  1061 | D:2      | Found a sacrificial altar of Ru.
  1259 | D:2      | Found an ornate altar of the Wu Jian Council.
  1291 | D:2      | Reached XP level 4. HP: 6/29 MP: 4/4
  2614 | D:3      | Found a runed translucent door.
  2615 | D:3      | Noticed Crazy Yiuf
  3097 | D:3      | HP: 1/30 [poisoned by Crazy Yiuf]
  3097 | D:3      | Slain by Crazy Yiuf

Levels and vault maps discovered:
D:1:      dpeg_arrival_rooms_b, layout_basic
D:2:      layout_basic, nicolae_overflow_crystal_walls,
          grunt_temple_overflow_open, first_ration, minmay_tetromino_l4
D:3:      layout_basic, uniq_crazy_yiuf_cottage

Skill      XL: |  1  2  3  4 |
---------------+-------------+-----
Slings         | 6 |  6.6
Fighting       | 2 |  2.6
Stealth        | 2 |  2.6
Dodging        | 3 |  3.1

Action                   |  1- 3 |  4- 6 || total
-------------------------+-------+-------++-------
Melee: Short sword       |   129 |   151 ||   280
 Fire: Hunting sling     |     9 |       ||     9
 Stab: Invisible         |       |     2 ||     2
  Eat: Chunk             |     1 |     6 ||     7
Armor: Scale mail        |    49 |    51 ||   100
       Leather armour    |     2 |       ||     2
Dodge: Dodged            |   100 |   114 ||   214

Table legend:
 A = Non-vault XP
 B = Vault XP
 C = Vault XP percentage of total XP
 D = Non-vault monster count
 E = Vault monster count
 F = Vault count percentage of total count
                 A         B        C        D         E       F
            +---------+---------+-------+---------+---------+-------
      Total |     131 |       7 |   5.1 |      54 |       4 |   6.9
            +---------+---------+-------+---------+---------+-------
        D:1 |      41 |       0 |   0.0 |      17 |       0 |   0.0
        D:2 |      59 |       7 |  10.6 |      19 |       4 |  17.4
        D:3 |      31 |       0 |   0.0 |      18 |       0 |   0.0
            +---------+---------+-------+---------+---------+-------
